 Dungeon Crawl Stone Soup version 0.30-a0-696-g2367cd04db (webtiles) character file.

Game seed: 12248258774513881849

124 Rennog the Trooper (level 4, 0/38 HPs)
             Began as a Demonspawn Fighter on Jan 20, 2023.
             Slain by a kobold brigand
             ... wielding a +0 whip
              (6 damage)
             ... on level 4 of the Dungeon.
             The game lasted 00:03:49 (3245 turns).

Rennog the Trooper (Demonspawn Fighter)             Turns: 3245, Time: 00:03:50

Health: 0/38       AC:  8    Str: 16    XL:     4   Next: 81%
Magic:  6/6        EV:  8    Int:  9    God:
Gold:   173        SH:  5    Dex: 15    Spells: 6/6 levels left

rFire   . . .      SeeInvis .    a - +0 long sword
rCold   . . .      Faith    .    c - +0 buckler
rNeg    . . .      Spirit   .    b - +0 scale mail
rPois   .          Reflect  .    (helmet restricted)
rElec   .          Harm     .    t - +0 cloak
rCorr   .          Rampage  .    (no gloves)
Will    +....                    (no boots) Stlth
                                 (no amulet)
HPRegen 0.26/turn                i - ring of willpower
MPRegen 0.10/turn                (no ring)

@: no status effects
A: antennae 1, sharp scales 1
a: no special abilities


You were on level 4 of the Dungeon.
You visited 1 branch of the dungeon, and saw 4 of its levels.

You collected 173 gold pieces.

Inventory:

Hand Weapons
 a - a +0 long sword (weapon)
Missiles
 f - a throwing net (quivered)
Armour
 b - a +0 scale mail (worn)
 c - a +0 buckler (worn)
 t - a +0 cloak (worn)
Jewellery
 i - a ring of willpower (left hand)
Scrolls
 e - a scroll of summoning {unknown}
 g - a scroll of immolation {unknown}
 h - a scroll of torment {unknown}
 l - 2 scrolls of teleportation {unknown}
 n - a scroll of enchant armour {unknown}
 o - 3 scrolls of blinking {unknown}
 p - a scroll of identify {unknown}
 q - a scroll of fog {unknown}
 u - a scroll of amnesia {unknown}
Potions
 d - 2 potions of might
 j - a potion of curing {unknown}
 k - a potion of lignification {unknown}
 m - 2 potions of cancellation {unknown}
 r - a potion of ambrosia {unknown}
 s - a potion of attraction {unknown}
 v - a potion of degeneration {unknown}
 w - a potion of berserk rage {unknown}


   Skills:
 * Level 4.7 Fighting
 - Level 1.7 Long Blades
 - Level 2.6 Armour
 - Level 2.6 Shields
 + Level 1.6 Spellcasting
 + Level 1.8 Summonings


You had 6 spell levels left.
You didn't know any spells.
Your spell library contained the following spells:

 Spells                   Type           Power      Damage    Failure   Level
 Call Imp                 Summ           3%         N/A       77%         2
 Magic Dart               Conj           0%         1d3       86%         1
 Mephitic Cloud           Conj/Pois/Air  0%         N/A       99%         3
 Summon Ice Beast         Ice/Summ       2%         N/A       100%        4
 Summon Mana Viper        Hex/Summ       2%         N/A       100%        5
 Monstrous Menagerie      Summ           1%         N/A       100%        7


Dungeon Overview and Level Annotations

Branches:
Dungeon (4/15)
 Temple: D:4-7

Altars:
Qazlal


Innate Abilities, Weirdness & Mutations

You have a pair of small antennae on your head.
You are partially covered in razor-sharp scales. (AC +1, Slay +1)


Message History

The kobold brigand throws a poisoned dart.
The poisoned dart hits you!
You are poisoned.
You feel very sick.
You feel sick.
Found a cloak and a plate armour.
You feel sick.
The kobold brigand throws a poisoned dart.
The poisoned dart hits you!
You are more poisoned.
There is an open door here.
You feel very sick.
The kobold brigand hits you with a +0 whip.
You see here a human corpse.
You barely miss the kobold brigand.
You feel very sick.
The kobold brigand hits you with a +0 whip.
The kobold brigand hits you but does no damage.
You are too injured to fight recklessly!
You hit the kobold brigand but do no damage.
You feel sick.
The kobold brigand hits you but does no damage.
You barely miss the kobold brigand.
You feel sick.
The kobold brigand hits you with a +0 whip.
You hit the kobold brigand.
The kobold brigand is lightly wounded.
You feel sick. You block the kobold brigand's attack.
The kobold brigand hits you with a +0 whip.
* * * LOW HITPOINT WARNING * * *
You slash the kobold brigand!
The kobold brigand is heavily wounded.
You feel sick. The kobold brigand closely misses you.
You hit the kobold brigand.
The kobold brigand is severely wounded.
You feel sick.
You are no longer poisoned.
The kobold brigand hits you but does no damage.
You barely miss the kobold brigand.
The kobold brigand is severely wounded.
The kobold brigand hits you with a +0 whip.
You die...

##.## #.# ##...## #.#
# #>....# #.# #
##...## ########.# #
##.## #.[..##..#
###.###.#####.[..#####
............#...[#
###.###.##..#.[..#
#.###.'@K..# #.#
######## #.# ... ..#
..#


You could see a kobold brigand.

Vanquished Creatures
  Crazy Yiuf (D:3)
  A gnoll (D:4)
  3 adders
  A dart slug (D:1)
  3 orcs (D:4)
  6 bats
  7 endoplasms
  3 giant cockroaches
  7 goblins
  3 hobgoblins
  A quokka (D:4)
  6 ball pythons
  2 frilled lizards
  A kobold (D:1)
  3 rats
48 creatures vanquished.

Notes
Turn   | Place    | Note
-------+----------+-------------------------------------------
     0 | D:1      | Rennog the Demonspawn Fighter began the quest for the Orb.
     0 | D:1      | Reached XP level 1. HP: 18/18 MP: 1/1
   250 | D:1      | Gained mutation: You have a pair of small antennae on your
                  | head. [demonic ancestry]
   250 | D:1      | Reached XP level 2. HP: 24/24 MP: 2/2
   886 | D:2      | Reached XP level 3. HP: 29/30 MP: 3/3
  1201 | D:2      | Reached skill level 4 in Fighting
  1442 | D:2      | Reached skill level 1 in Summonings
  1759 | D:3      | Reached skill level 1 in Spellcasting
  2026 | D:3      | Gained mutation: You are partially covered in razor-sharp
                  | scales. (AC +1, Slay +1) [demonic ancestry]
  2026 | D:3      | Reached XP level 4. HP: 36/37 MP: 5/5
  2145 | D:3      | Found a runed translucent door.
  2146 | D:3      | Noticed Crazy Yiuf
  2549 | D:3      | Killed Crazy Yiuf
  2935 | D:4      | Found a stormy altar of Qazlal.
  3233 | D:4      | Noticed a kobold brigand
  3245 | D:4      | Slain by a kobold brigand

Illustrated notes

Levels and vault maps discovered:
D:1:      ncdulo_halloftheorcs, layout_loops_ring,
          nicolae_kite_square_tiling_tiny, minmay_bisected
D:2:      layout_basic, serial_bayou_pond_e
D:3:      layout_basic, zin_academy, uniq_crazy_yiuf_cottage
D:4:      layout_loops_corners, grunt_qazlal_sundering,
          nicolae_nh_ransacked_shop, uniq_ijyb

Skill      XL: |  1  2  3 |
---------------+----------+-----
Fighting       | 4 |  4.7
Summonings     | 1 |  1.8
Spellcasting   | 1 |  1.6
Long Blades    | |  1.7
Armour         | |  2.6
Shields        | |  2.6

Action                   |  1- 3 |  4- 6 || total
-------------------------+-------+-------++-------
Melee: Long sword        |   122 |    62 ||   184
Armor: Scale mail        |    69 |    24 ||    93
Dodge: Dodged            |    62 |    20 ||    82
Block: Buckler           |    37 |    17 ||    54

Table legend: (Time is in decaauts)
 A = Elapsed time spent in this place.
 B = Non-inter-level travel time spent in this place.
 C = Inter-level travel time spent in this place.
 D = Time resting spent in this place.
 E = Time spent auto-exploring this place.
 F = Levels seen in this place.
 G = Mean time per level.
                   A        B        C        D        E       F      G
               +--------+--------+--------+--------+--------+-----+--------+
         Total |   3311 |   3207 |    104 |     19 |   2685 |   4 |  827.8 |
       Dungeon |   3311 |   3207 |    104 |     19 |   2685 |   4 |  827.8 |
               +--------+--------+--------+--------+--------+-----+--------+

Top non-repeatable levels by time:
     D:3: 1140 daAuts
     D:1: 833 daAuts
     D:2: 830 daAuts
     D:4: 506 daAuts
